[Event "Titled Tuesday Blitz August 02 Early 2022"]
[White "Begmuratov, Khumoyun"]
[Black "Xiong, Jeffery"]
[WhiteFideId "14210207"]
[BlackFideId "2047640"]
[WhiteElo "1978"]
[BlackElo "2714"]
[Result "0-1"]
[Round "02"]
[TimeControl "180+1"]
[Date "2022.08.02"]
[WhiteClock "0:00:02"]
[BlackClock "0:00:05"]

1. e4 e5 2. Nf3 Nc6 3. Nc3 Nf6 4. d4 exd4 5. Nxd4 Bb4 6. Nxc6 bxc6 7. Bd3 O-O 8. O-O d5 9. exd5 cxd5 10. Qf3 h6 11. h3 Rb8 12. Bf4 Rb6 13. Ne2 Bb7 14. Ng3 Re8 15. Nf5 Bf8 16. b3 c5 17. Rfe1 Rbe6 18. Bd2 Ne4 19. Bxe4 dxe4 20. Qe3 Qf6 21. Ng3 Qg6 22. Rad1 Bd6 23. Bc3 Ba6 24. Rd5 Bb7 25. Rdd1 f5 26. Ne2 f4 27. Nxf4 Bxf4 28. Qxf4 e3 29. Qg3 Qxg3 30. fxg3 R8e7 31. Rd8+ Kh7 32. Rd3 Ba6 33. Rd5 Rf7 34. Rxc5 e2 35. Kh2 Rf2 36. Rc7 Rg6 37. Re7 Kg8 38. g4 Rc6 39. Kg3 Rf1 40. Bd2 Rxc2 41. Ba5 Rxa2 42. Bb4 Rc2 43. Rxa7 Bd3 44. Ra8+ Kh7 45. Rd8 Be4 46. Rd4 Bc6 47. Rf4 Bb5 48. Rf5 Bd3 49. Rf3 Ba6 50. Re3 Rb2 51. Rf3 Rb1 52. Rexf1 exf1=Q 53. Rxf1 Rxf1 54. Bc3 Rd1 55. Kh4 Rd3 56. Be5 g5+ 57. Kh5 Bb5 0-1


[Site "https://www.chess.com"]

[Event "Titled Tuesday Blitz August 02 Early 2022"]
[White "Blanco Ronquillo, Humberto L."]
[Black "Demchenko, Anton"]
[WhiteFideId "3504239"]
[BlackFideId "4160258"]
[WhiteElo "2423"]
[BlackElo "2539"]
[Result "1/2-1/2"]
[Round "02"]
[TimeControl "180+1"]
[Date "2022.08.02"]
[WhiteClock "0:00:15"]
[BlackClock "0:00:17"]

1. e4 c5 2. Nf3 d6 3. d4 cxd4 4. Nxd4 Nf6 5. Nc3 Nc6 6. Nde2 e6 7. g3 Be7 8. Bg2 O-O 9. O-O a6 10. a4 Rb8 11. Nf4 b5 12. axb5 axb5 13. h3 b4 14. Nce2 Bb7 15. Re1 Qc7 16. Nd3 Rfc8 17. b3 Ne5 18. Nd4 Nxd3 19. cxd3 Nd7 20. Be3 Qd8 21. Nc2 Nc5 22. Rb1 Ba6 23. d4 Nd7 24. Bd2 Bd3 25. Rb2 Bf6 26. Be3 Rc3 27. Qd2 Bxc2 28. Rxc2 Qc7 29. Rec1 Rc8 30. Rxc3 bxc3 31. Qc2 Qb8 32. Ra1 h6 33. Ra4 Rc7 34. Bf1 Rb7 35. Qxc3 Rxb3 36. Qc6 Qb7 37. Ra8+ Kh7 38. Qxb7 Rxb7 39. Bd3 g6 40. Kg2 Kg7 41. Be2 Rb4 42. Bf3 Bxd4 43. Ra7 Bxe3 44. Rxd7 Bd4 45. e5 Bxe5 46. Bc6 Rb2 47. Rb7 Rxb7 48. Bxb7 d5 49. f4 Bd6 50. Kf3 f5 51. Bc8 Kf6 52. Bb7 g5 53. Bc6 Ke7 54. Bb7 Kd7 55. Ba6 d4 56. Bc4 Bc7 57. Bd3 Kd6 58. Bc4 Ke7 59. fxg5 hxg5 60. g4 Kf6 61. Bd3 Bd6 62. Bc2 Ke5 63. Bd3 Kd5 64. gxf5 exf5 65. Bxf5 Kc4 66. Ke2 Kc3 67. Bd3 Bf4 68. Bf5 Be3 69. Bd3 Kb4 70. Bf5 Kc5 71. Kd3 Kd5 72. Bg4 Ke5 73. Bc8 Kf4 74. Bd7 Kg3 75. Bc8 Kg2 76. Bd7 Kf3 77. Bc8 Kf4 78. Bd7 Ke5 79. Bg4 Kd6 80. Be2 Ke7 81. Bg4 Kf6 82. Be2 Ke5 83. Bg4 Kf4 84. Bd1 Kg3 85. Bg4 Kh4 86. Be2 Kg3 87. Bg4 Kh4 88. Bf5 Kg3 89. Bg4 1/2-1/2


[Site "https://www.chess.com"]

[Event "Titled Tuesday Blitz August 02 Early 2022"]
[White "Ezat, Mohamed"]
[Black "Rasulov, Vugar"]
[WhiteFideId "10600906"]
[BlackFideId "13402390"]
[WhiteElo "2386"]
[BlackElo "2523"]
[Result "0-1"]
[Round "02"]
[TimeControl "180+1"]
[Date "2022.08.02"]
[WhiteClock "0:00:05"]
[BlackClock "0:00:47"]

1. d4 d5 2. c4 c6 3. Nc3 Nf6 4. cxd5 cxd5 5. Bf4 Nc6 6. e3 a6 7. Bd3 Bg4 8. Nge2 e6 9. O-O Be7 10. h3 Bh5 11. Rc1 O-O 12. a3 Rc8 13. b4 Nd7 14. Na4 a5 15. b5 Na7 16. Qb3 Bxe2 17. Bxe2 Re8 18. b6 Nc6 19. Bb5 Nf6 20. Bxc6 Rxc6 21. Rxc6 bxc6 22. b7 Nd7 23. Rc1 e5 24. Bxe5 Nxe5 25. dxe5 Qc7 26. Nc3 Qxe5 27. Nxd5 cxd5 28. Rc8 Bd6 29. f4 Qe6 30. f5 Qe5 31. Qd3 h5 32. Rxe8+ Qxe8 33. Kf2 Qe5 34. Qb5 Kh7 35. Qb1 Qg3+ 36. Kf1 f6 37. Qd3 Qe5 38. Kf2 h4 39. Ke2 Qb2+ 40. Kf3 Qxb7 41. Kg4 Qb2 42. Qxd5 Be5 43. Qf3 Qxa3 44. Kh5 Qe7 45. Qg4 Qf7+ 46. Qg6+ Qxg6+ 47. fxg6+ Kg8 48. g4 a4 49. g5 f5 50. e4 fxe4 51. Kxh4 a3 52. Kh5 a2 53. h4 a1=Q 54. Kg4 Qd1+ 55. Kf5 e3 0-1


[Site "https://www.chess.com"]

[Event "Titled Tuesday Blitz August 02 Early 2022"]
[White "Fedoseev, Vladimir"]
[Black "Pinheiro, Iung Alicio de O."]
[WhiteFideId "24130737"]
[BlackFideId "2104350"]
[WhiteElo "2726"]
[BlackElo "2283"]
[Result "1-0"]
[Round "02"]
[TimeControl "180+1"]
[Date "2022.08.02"]
[WhiteClock "0:01:07"]
[BlackClock "0:00:04"]

1. e4 c5 2. Nf3 Nc6 3. Bb5 e6 4. Bxc6 bxc6 5. b3 Ne7 6. Bb2 Ng6 7. h4 h5 8. e5 f6 9. Qe2 Be7 10. g3 Qc7 11. Na3 a5 12. Nc4 a4 13. bxa4 Ba6 14. Bc3 Bxc4 15. Qxc4 Nxe5 16. Bxe5 fxe5 17. Qe4 Bf6 18. Ng5 Bxg5 19. Qg6+ Kd8 20. Qxg7 Re8 21. hxg5 Rxa4 22. g6 Re4+ 23. Kf1 Qd6 24. d3 Rg4 25. Rxh5 Rf8 26. Re1 Rxg3 27. Rh8 Rxh8 28. Qxh8+ Kc7 29. fxg3 c4 30. Qxe5 1-0


[Site "https://www.chess.com"]

[Event "Titled Tuesday Blitz August 02 Early 2022"]
[White "Gubajdullin, Alexei"]
[Black "Gareyev, Timur"]
[WhiteFideId "4141202"]
[BlackFideId "14200937"]
[WhiteElo "2190"]
[BlackElo "2559"]
[Result "0-1"]
[Round "02"]
[TimeControl "180+1"]
[Date "2022.08.02"]
[WhiteClock "0:00:18"]
[BlackClock "0:01:12"]

1. Nf3 g6 2. g3 Bg7 3. Bg2 e5 4. O-O d5 5. c4 d4 6. d3 Ne7 7. e3 dxe3 8. fxe3 Nbc6 9. Ng5 O-O 10. Nc3 h6 11. Nge4 f5 12. Nc5 b6 13. Nb3 Be6 14. Qe2 Kh7 15. Bd2 Qd7 16. Rad1 Rad8 17. Bc1 g5 18. Kh1 Ng6 19. d4 Bg8 20. d5 Nce7 21. g4 f4 22. Be4 Kh8 23. c5 Nh4 24. c6 Qc8 25. h3 a6 26. Rd3 Rd6 27. Rfd1 h5 28. Bd2 f3 29. Qh2 hxg4 30. Be1 Rh6 31. Bg3 Nhf5 32. h4 Nxg3+ 33. Qxg3 gxh4 34. Qe1 g3 35. Kg1 f2+ 0-1


[Site "https://www.chess.com"]

[Event "Titled Tuesday Blitz August 02 Early 2022"]
[White "Gurel, Ediz"]
[Black "Kucuksari, Kaan"]
[WhiteFideId "44507356"]
[BlackFideId "6380166"]
[WhiteElo "1894"]
[BlackElo "2305"]
[Result "1-0"]
[Round "02"]
[TimeControl "180+1"]
[Date "2022.08.02"]
[WhiteClock "0:00:04"]
[BlackClock "0:00:02"]

1. e4 c5 2. Nf3 d6 3. d4 cxd4 4. Nxd4 Nf6 5. Nc3 Nc6 6. Bg5 e6 7. Qd2 a6 8. O-O-O Bd7 9. f4 Be7 10. Nf3 b5 11. e5 b4 12. exf6 bxc3 13. Qxc3 gxf6 14. Bh6 d5 15. Bd3 Qb6 16. a3 Rc8 17. Qe1 Rb8 18. Qc3 d4 19. Qb3 Qa5 20. Qa2 Qh5 21. Bg7 Rg8 22. g4 Qxg4 23. Rhg1 Qxf3 24. Bxh7 Qe3+ 25. Kb1 Bxa3 26. b3 Rxg7 27. Rxg7 Bf8 28. Rg8 Nb4 29. Qa5 Nd5 30. Qc5 Ne7 31. Rh8 e5 32. fxe5 fxe5 33. Qd6 Rxb3+ 34. cxb3 Qxb3+ 35. Kc1 Qc3+ 36. Bc2 Qa1+ 37. Kd2 Qc3+ 38. Kc1 Qa1+ 39. Kd2 Qc3+ 40. Ke2 Qe3+ 41. Kf1 Bh3+ 42. Rxh3 Qxh3+ 43. Kg1 Qg4+ 44. Kh1 Qf3+ 45. Kg1 Qe3+ 46. Kf1 Qf3+ 47. Ke1 Qh1+ 48. Kd2 Qxh2+ 49. Kc1 Qf4+ 50. Kb1 Qg4 51. Ba4+ Nc6 52. Bxc6+ 1-0


[Site "https://www.chess.com"]

[Event "Titled Tuesday Blitz August 02 Early 2022"]
[White "Harmon-Vellotti, Luke"]
[Black "Ambartsumova, Karina"]
[WhiteFideId "2030012"]
[BlackFideId "4166299"]
[WhiteElo "2354"]
[BlackElo "2262"]
[Result "1-0"]
[Round "02"]
[TimeControl "180+1"]
[Date "2022.08.02"]
[WhiteClock "0:00:23"]
[BlackClock "0:00:07"]

1. e4 c5 2. Nf3 e6 3. d4 cxd4 4. Nxd4 a6 5. Bd3 Bc5 6. Nb3 Ba7 7. Nc3 Nc6 8. Qe2 Nge7 9. Be3 Bxe3 10. Qxe3 O-O 11. O-O-O b5 12. f4 b4 13. Ne2 d5 14. g4 a5 15. exd5 Nxd5 16. Qh3 g6 17. Be4 a4 18. Nbd4 Nxd4 19. Rxd4 Qf6 20. g5 Qg7 21. Qf3 Bb7 22. h4 a3 23. Rhd1 axb2+ 24. Kb1 Rfc8 25. Qb3 Ba6 26. Bd3 Bxd3 27. R1xd3 Ra3 28. Qxb2 Nc3+ 29. Nxc3 bxc3 30. Qxa3 Rb8+ 31. Kc1 h5 32. Rd8+ Rxd8 33. Rxd8+ Kh7 34. Qf8 e5 35. Qxg7+ Kxg7 36. fxe5 1-0


[Site "https://www.chess.com"]

[Event "Titled Tuesday Blitz August 02 Early 2022"]
[White "Horobetz, Graham"]
[Black "Abdrlauf, Elham"]
[WhiteFideId "2047322"]
[BlackFideId "1533533"]
[WhiteElo "2593"]
[BlackElo "2429"]
[Result "1-0"]
[Round "02"]
[TimeControl "180+1"]
[Date "2022.08.02"]
[WhiteClock "0:00:14"]
[BlackClock "0:00:10"]

1. e4 c6 2. d4 d5 3. Nc3 dxe4 4. Nxe4 Nf6 5. Nxf6+ exf6 6. c3 Bd6 7. Bd3 O-O 8. Qc2 Re8+ 9. Ne2 h5 10. O-O h4 11. Bf4 Na6 12. Rfe1 Nc7 13. Qd2 Be6 14. Bxd6 Qxd6 15. Nf4 Rad8 16. b4 b5 17. a4 a6 18. axb5 cxb5 19. Be4 Bc4 20. Bf3 g6 21. g3 hxg3 22. hxg3 Kg7 23. Kg2 Nd5 24. Nxd5 Bxd5 25. Qd3 Rh8 26. Rh1 Rc8 27. Rxh8 Rxh8 28. Re1 Qc6 29. Re3 f5 30. Qe2 Rc8 31. Bxd5 Qxd5+ 32. Qf3 Qxf3+ 33. Kxf3 Kf6 34. Ke2 g5 35. Kd3 Rh8 36. d5 Rh1 37. Kd4 Rd1+ 38. Kc5 f4 39. gxf4 gxf4 40. Re4 Rd3 41. d6 Rxc3+ 42. Kb6 Rd3 43. Kc7 Rc3+ 44. Kd8 Rc4 45. Rxc4 bxc4 46. d7 c3 47. Ke8 c2 48. d8=Q+ Ke5 49. Qc7+ Ke4 50. Qxc2+ Kf3 51. Qf5 f6 52. Qxf6 Ke4 53. Qxa6 Kf3 54. Qf6 Kg4 55. b5 f3 56. Qxf3+ Kxf3 57. b6 Ke2 58. b7 Kf3 59. b8=Q Kg2 60. Qe5 Kf3 61. Qe3+ Kg2 62. f4 Kh1 63. f5 Kh2 64. f6 1-0


[Site "https://www.chess.com"]

[Event "Titled Tuesday Blitz August 02 Early 2022"]
[White "Hosseinzadeh, Nima"]
[Black "Hafiz, Arif Abdul"]
[WhiteFideId "12505323"]
[BlackFideId "7104227"]
[WhiteElo "2066"]
[BlackElo "2198"]
[Result "1/2-1/2"]
[Round "02"]
[TimeControl "180+1"]
[Date "2022.08.02"]
[WhiteClock "0:00:09"]
[BlackClock "0:00:22"]

1. e4 Nc6 2. d4 d5 3. e5 Bf5 4. c3 e6 5. Bd3 Bxd3 6. Qxd3 f6 7. exf6 gxf6 8. Nf3 Qd7 9. O-O O-O-O 10. b4 Bd6 11. b5 Na5 12. Re1 Ne7 13. Nbd2 Ng6 14. g3 Rhe8 15. c4 Nxc4 16. Nxc4 dxc4 17. Qxc4 e5 18. dxe5 Nxe5 19. Nxe5 Bxe5 20. Rb1 Qd3 21. Qxd3 Rxd3 22. Bf4 Kd7 23. Re4 Bd4 24. Rxe8 Kxe8 25. a4 Kd7 26. Rc1 c5 27. bxc6+ bxc6 28. Rb1 Ke6 29. Kg2 c5 30. Rb7 c4 31. Rc7 c3 32. Be3 Bxe3 33. fxe3 Rxe3 34. Kf2 Rd3 35. Ke2 Rd2+ 36. Ke3 Rxh2 37. Rxc3 Ra2 38. Rc6+ Ke5 39. Rc5+ Ke6 40. Ra5 h5 41. Rxa7 Kf5 42. Kf3 Ra3+ 43. Kg2 Kg4 44. Rg7+ Kf5 45. Ra7 Kg6 46. Ra5 f5 47. Ra6+ Kg5 48. Ra8 Kf6 49. Rf8+ Kg6 50. Ra8 Kg5 51. Ra6 h4 52. gxh4+ Kxh4 53. Kf2 Kg4 54. Re6 Rxa4 55. Re2 Ra3 56. Rb2 Rf3+ 57. Kg2 Rg3+ 58. Kf2 f4 59. Rb8 Rf3+ 60. Kg2 Rg3+ 61. Kf2 Rh3 62. Rg8+ Kf5 63. Rf8+ Ke4 64. Re8+ Kd5 65. Rd8+ Ke5 66. Re8+ Kf5 67. Rf8+ Kg5 68. Rg8+ Kf6 69. Rf8+ Ke5 70. Re8+ Kd4 71. Rd8+ Kc3 72. Rc8+ Kd3 73. Rd8+ Ke4 74. Re8+ Kf5 75. Rf8+ 1/2-1/2


[Site "https://www.chess.com"]

[Event "Titled Tuesday Blitz August 02 Early 2022"]
[White "Ingebretsen, Jens E"]
[Black "Kevlishvili, Robby"]
[WhiteFideId "1522965"]
[BlackFideId "1040634"]
[WhiteElo "2036"]
[BlackElo "2577"]
[Result "0-1"]
[Round "02"]
[TimeControl "180+1"]
[Date "2022.08.02"]
[WhiteClock "0:00:14"]
[BlackClock "0:01:06"]

1. c4 e5 2. Nc3 Nc6 3. Nf3 Nf6 4. g3 g6 5. Bg2 Bg7 6. O-O O-O 7. d3 d6 8. Bd2 Be6 9. Qc1 Re8 10. Rb1 a5 11. a3 Qc8 12. b4 axb4 13. axb4 Bh3 14. e4 Bg4 15. b5 Bxf3 16. Bxf3 Nd4 17. Bd1 Nd7 18. Be3 Nc5 19. Bxd4 exd4 20. Nd5 Nxd3 21. Qd2 Ne5 22. Rc1 Ra3 23. f4 Ng4 24. Qb4 Ra2 25. Bxg4 Qxg4 26. Rf2 Rxf2 27. Kxf2 d3 28. c5 Qe2+ 29. Kg1 Rxe4 30. Qa4 Rxa4 0-1


[Site "https://www.chess.com"]

[Event "Titled Tuesday Blitz August 02 Early 2022"]
[White "Jubin Jimmy"]
[Black "Perera Alfonso, Rene Humberto"]
[WhiteFideId "46686614"]
[BlackFideId "3514722"]
[WhiteElo "2219"]
[BlackElo "2313"]
[Result "1-0"]
[Round "02"]
[TimeControl "180+1"]
[Date "2022.08.02"]
[WhiteClock "0:00:42"]
[BlackClock "0:00:13"]

1. d4 d5 2. c4 c6 3. Nc3 Nf6 4. Nf3 dxc4 5. a4 Bf5 6. Ne5 Na6 7. f3 Nd7 8. Nxc4 e5 9. dxe5 Qh4+ 10. g3 Qxc4 11. e4 Qe6 12. exf5 Qxe5+ 13. Be2 Bc5 14. Bf4 Qxf5 15. Bxa6 bxa6 16. Qe2+ Qe6 17. Qxe6+ fxe6 18. O-O-O e5 19. Rhe1 O-O-O 20. Bxe5 Nxe5 21. Rxe5 Rxd1+ 22. Kxd1 Rd8+ 23. Kc2 Bd6 24. Re4 a5 25. f4 Kc7 26. Rd4 Re8 27. Ne4 Bb4 28. b3 h6 29. Kd3 Re6 30. h3 Re7 31. g4 Rf7 32. Ng3 c5 33. Re4 Rd7+ 34. Kc4 a6 35. Nf5 Rf7 36. Re7+ Rxe7 37. Nxe7 Bd2 38. f5 Kd6 39. Nd5 Bg5 40. Nc3 Be3 41. Ne4+ Kc6 42. h4 Bd4 43. g5 hxg5 44. hxg5 Be3 45. f6 gxf6 46. g6 Bh6 47. Nxf6 Kd6 48. g7 Bxg7 49. Ne8+ 1-0


[Site "https://www.chess.com"]

[Event "Titled Tuesday Blitz August 02 Early 2022"]
[White "Karaev, Seit-Amet"]
[Black "Chigaev, Maksim"]
[WhiteFideId "4169549"]
[BlackFideId "4108116"]
[WhiteElo "2272"]
[BlackElo "2438"]
[Result "0-1"]
[Round "02"]
[TimeControl "180+1"]
[Date "2022.08.02"]
[WhiteClock "0:00:44"]
[BlackClock "0:01:05"]

1. e4 c5 2. Nf3 g6 3. d4 cxd4 4. Nxd4 Bg7 5. Nc3 Nc6 6. Be3 Nf6 7. f3 O-O 8. Bc4 d5 9. exd5 Na5 10. Qe2 a6 11. O-O b5 12. Bb3 Bb7 13. Rad1 Nxb3 14. Nxb3 Nxd5 15. Nxd5 Bxd5 16. Bd4 Bc4 17. Qf2 Bxf1 18. Rxf1 Bxd4 19. Nxd4 Qb6 20. Re1 Rad8 21. c3 Rfe8 22. Re5 b4 23. h4 bxc3 24. bxc3 Rc8 25. Qe3 Qc7 26. Ne2 f6 27. Re6 Qc5 28. Qxc5 Rxc5 29. Rxa6 Kf7 30. Kf2 Rb8 31. f4 Rb2 32. Ke3 Rd5 33. g3 Rd6 34. Rxd6 exd6 35. a4 Ra2 36. Nd4 Rxa4 37. f5 d5 38. g4 Rc4 39. Kd3 gxf5 40. gxf5 h5 41. Kd2 Ke7 42. Kd3 Kd6 43. Kd2 Ke5 44. Kd3 Rxd4+ 45. cxd4+ Kxf5 46. Kc3 Ke4 0-1


[Site "https://www.chess.com"]

[Event "Titled Tuesday Blitz August 02 Early 2022"]
[White "Khabinets, Ivan"]
[Black "Hakobyan, Aram"]
[WhiteFideId "14115980"]
[BlackFideId "13306677"]
[WhiteElo "2114"]
[BlackElo "2557"]
[Result "0-1"]
[Round "02"]
[TimeControl "180+1"]
[Date "2022.08.02"]
[WhiteClock "0:01:30"]
[BlackClock "0:01:54"]

1. e4 c6 2. d4 d5 3. e5 Bf5 4. Nf3 e6 5. Be2 Ne7 6. c3 Nd7 7. O-O Ng6 8. Na3 f6 9. exf6 Qxf6 10. Nc2 Bd6 11. Bg5 Qf7 12. Ne3 O-O 13. Nxf5 exf5 14. Bd2 Rae8 15. Bd3 h6 16. Qc2 Re4 17. Rae1 Qe6 18. Bc1 Nf6 19. Qd1 Re8 20. Bxe4 fxe4 21. Nd2 Ng4 22. h3 Nh2 23. Qh5 Nf4 24. Qh4 g5 25. Qg3 Nxf1 26. Nxf1 Nd3 27. Qe3 Bf4 28. Qxd3 exd3 29. Rxe6 Rxe6 30. Ne3 Bxe3 31. fxe3 Rf6 32. Bd2 Kf7 0-1


[Site "https://www.chess.com"]

[Event "Titled Tuesday Blitz August 02 Early 2022"]
[White "Korchmar, Vasiliy"]
[Black "Le, Tuan Minh"]
[WhiteFideId "24131750"]
[BlackFideId "12401153"]
[WhiteElo "2370"]
[BlackElo "2530"]
[Result "0-1"]
[Round "02"]
[TimeControl "180+1"]
[Date "2022.08.02"]
[WhiteClock "0:00:02"]
[BlackClock "0:00:07"]

1. e4 c5 2. Nf3 Nf6 3. e5 Nd5 4. Nc3 e6 5. Bc4 Nb6 6. d3 Nc6 7. O-O d6 8. exd6 Bxd6 9. Ne4 O-O 10. Bb5 Nd4 11. Bc4 Qc7 12. Nxd6 Qxd6 13. c3 Nxf3+ 14. Qxf3 Bd7 15. Bf4 e5 16. Bg3 Bc6 17. Qe3 Rfe8 18. Bb3 Rad8 19. Rad1 Nd5 20. Qc1 Qg6 21. Rfe1 Nf4 22. d4 cxd4 23. cxd4 Nd3 24. Rxd3 Qxd3 25. dxe5 Qd2 26. Qb1 Bd5 27. Rd1 Qa5 28. Bh4 Rd7 29. Qd3 Bc6 30. Qf1 Rxd1 31. Qxd1 Qxe5 32. f3 Qe3+ 33. Bf2 Qe2 34. Qc1 Qd3 35. h4 a5 36. Qf4 Qd7 37. h5 h6 38. Bd4 Bd5 39. Qg3 f6 40. Bxd5+ Qxd5 41. Bxf6 Qf7 42. Bc3 a4 43. a3 Rd8 44. Qh4 Rd5 45. Qxa4 Qxh5 46. Qc4 Qf7 47. Qc8+ Kh7 48. Qg4 Rd1+ 49. Kh2 Qg6 50. Qh3 Rd5 51. Kg1 Rg5 52. Qh2 Qb1+ 53. Kf2 Qc2+ 54. Kf1 Rd5 55. Qf4 Rd1+ 0-1


[Site "https://www.chess.com"]

[Event "Titled Tuesday Blitz August 02 Early 2022"]
[White "Livaic, Leon"]
[Black "Janaszak, Dawid"]
[WhiteFideId "14531534"]
[BlackFideId "1119206"]
[WhiteElo "2540"]
[BlackElo "2199"]
[Result "1-0"]
[Round "02"]
[TimeControl "180+1"]
[Date "2022.08.02"]
[WhiteClock "0:00:35"]
[BlackClock "0:00:10"]

1. e4 e6 2. b3 d5 3. Bb2 Nf6 4. e5 Nfd7 5. Qg4 c5 6. f4 Nc6 7. Nf3 g6 8. Be2 Bg7 9. O-O b6 10. Nc3 a6 11. Rae1 b5 12. a4 b4 13. Nd1 Qb6 14. Ne3 Bb7 15. Qg3 Ne7 16. d4 O-O 17. h4 cxd4 18. Bxd4 Qc7 19. h5 a5 20. hxg6 fxg6 21. Ng5 Nc5 22. Qh3 h6 23. Nxe6 Nxe6 24. Qxe6+ Kh8 25. Qh3 Bc8 26. Bg4 Bxg4 27. Qxg4 Qc8 28. Qxc8 Raxc8 29. g4 Nc6 30. Bc5 Rfd8 31. Bb6 Rd7 32. e6 Rb7 33. Bc5 Nd4 34. Bxd4 Bxd4 35. Kh1 Rc3 36. Nxd5 Rxc2 37. e7 Rb8 38. e8=Q+ 1-0


[Site "https://www.chess.com"]

[Event "Titled Tuesday Blitz August 02 Early 2022"]
[White "Lobanov, Sergei"]
[Black "Jakubowski, Krzysztof"]
[WhiteFideId "24183750"]
[BlackFideId "1112848"]
[WhiteElo "2524"]
[BlackElo "2365"]
[Result "1-0"]
[Round "02"]
[TimeControl "180+1"]
[Date "2022.08.02"]
[WhiteClock "0:00:05"]
[BlackClock "0:00:27"]

1. Nf3 Nf6 2. e3 d5 3. b3 c5 4. Bb2 Nc6 5. Bb5 Bd7 6. O-O e6 7. d3 Be7 8. Nbd2 O-O 9. Bxc6 Bxc6 10. Ne5 Be8 11. f4 Nd7 12. Qg4 f5 13. Qg3 Nxe5 14. Bxe5 Rf7 15. Nf3 Bf8 16. Ng5 Re7 17. Rad1 b5 18. e4 h6 19. Nf3 Rf7 20. exf5 exf5 21. d4 c4 22. Rfe1 Qa5 23. Ra1 Bb4 24. Re3 Bd2 25. Nxd2 Qxd2 26. Qf2 Qxf2+ 27. Kxf2 Rd7 28. Rb1 a6 29. h3 Rc8 30. c3 cxb3 31. Rxb3 Kf7 32. Ra3 Rc6 33. g4 fxg4 34. hxg4 Rb7 35. f5 b4 36. Rb3 a5 37. a3 Rcb6 38. cxb4 axb4 39. axb4 Ba4 40. Rbc3 Rxb4 41. Rc8 Rb2+ 42. Kg3 Bc2 43. Bd6 Be4 44. Rf8# 1-0


[Site "https://www.chess.com"]

[Event "Titled Tuesday Blitz August 02 Early 2022"]
[White "Makarian, Rudik"]
[Black "Bayo Milagro, Alvaro"]
[WhiteFideId "44105681"]
[BlackFideId "22275240"]
[WhiteElo "2403"]
[BlackElo "2270"]
[Result "1-0"]
[Round "02"]
[TimeControl "180+1"]
[Date "2022.08.02"]
[WhiteClock "0:01:44"]
[BlackClock "0:02:09"]

1. d3 Nf6 2. f4 d5 3. Nf3 g6 4. g3 Bg7 5. Bg2 O-O 6. O-O c5 7. Ne5 Qc7 8. e4 dxe4 9. dxe4 Rd8 10. Qe2 Nfd7 11. Nxd7 Bxd7 12. Nc3 e6 13. e5 Bc6 14. Be3 Bxg2 15. Qxg2 Bf8 16. Ne4 Nc6 17. Nf6+ Kg7 18. Qh3 h6 19. f5 g5 20. Bxg5 1-0


[Site "https://www.chess.com"]

[Event "Titled Tuesday Blitz August 02 Early 2022"]
[White "Maksimovic, Bojan"]
[Black "Seemann, Jakub"]
[WhiteFideId "14408120"]
[BlackFideId "21874697"]
[WhiteElo "2453"]
[BlackElo "2033"]
[Result "0-1"]
[Round "02"]
[TimeControl "180+1"]
[Date "2022.08.02"]
[WhiteClock "0:00:01"]
[BlackClock "0:00:05"]

1. d4 Nf6 2. c4 g6 3. Nc3 Bg7 4. e4 O-O 5. Nf3 d6 6. Be2 e5 7. d5 a5 8. Be3 Na6 9. Nd2 Ne8 10. g4 Nc5 11. h4 f5 12. gxf5 gxf5 13. h5 Bf6 14. Rg1+ Kh8 15. exf5 Bxf5 16. Nf1 e4 17. Ng3 Bd7 18. Ncxe4 Nxe4 19. Nxe4 Bxb2 20. Bd4+ Bxd4 21. Qxd4+ Nf6 22. O-O-O Qe7 23. Bd3 Qe5 24. Qxe5 dxe5 25. h6 Ng4 26. Rg2 Rf4 27. Nc5 Bc8 28. Rdg1 b6 29. Ne6 Bxe6 30. dxe6 Nxh6 31. Rg7 e4 32. Bc2 Rg8 33. Rxg8+ Nxg8 34. Re1 Ne7 35. Bxe4 Rxf2 36. Rd1 Kg7 37. Rd7 Kf6 38. Rxc7 h5 39. Rb7 Rf4 40. Bd5 h4 41. Rb8 Ke5 42. Rh8 Rd4 43. Kc2 Kd6 44. Rh5 Rf4 45. Kd3 Rg4 46. Rh7 Rg3+ 47. Ke4 Rg4+ 48. Kf3 Rg3+ 49. Kf4 Rd3 50. Kg4 Nxd5 51. cxd5 Rxd5 52. e7 Re5 53. Rh6+ Kc7 54. Rh7 Kd7 55. e8=Q+ Kxe8 56. Kxh4 Re2 57. Rb7 Rb2 58. Kg4 Kd8 59. a3 Kc8 60. Re7 Rb3 61. Re6 Kd7 62. Rh6 Kc7 63. Kf4 Rxa3 64. Ke4 Ra4+ 65. Kd5 Rb4 66. Rh7+ Kd8 67. Kc6 a4 68. Rh5 Rb3 69. Rh8+ Ke7 70. Ra8 b5 71. Kc5 a3 72. Kd4 b4 73. Ra7+ Kf6 74. Ra6+ Kg5 75. Ra5+ Kg4 76. Kc4 Rb2 77. Ra6 a2 78. Rg6+ Kf3 79. Rf6+ Ke3 80. Re6+ Kd2 81. Rh6 b3 82. Rh2+ Ke3 83. Rxb2 a1=Q 84. Rxb3+ Ke4 85. Rb4 Qf1+ 86. Kc3+ Ke5 87. Rc4 Kd5 88. Rd4+ Kc5 89. Rd3 Qf6+ 90. Kb3 Kb5 91. Rd5+ Kc6 92. Rd3 Qe6+ 93. Kc3 Kc5 94. Rd2 Qe5+ 95. Kc2 Kc4 96. Kc1 Qf4 97. Kc2 Qe4+ 98. Kb2 Kb4 99. Rc2 Qd4+ 100. Kb1 Kb3 101. Rc3+ Kxc3 0-1


[Site "https://www.chess.com"]

[Event "Titled Tuesday Blitz August 02 Early 2022"]
[White "Martinez Alcantara, Jose Eduardo"]
[Black "Aldokhin, Ivan"]
[WhiteFideId "3805662"]
[BlackFideId "24115720"]
[WhiteElo "2703"]
[BlackElo "2246"]
[Result "1-0"]
[Round "02"]
[TimeControl "180+1"]
[Date "2022.08.02"]
[WhiteClock "0:01:05"]
[BlackClock "0:00:04"]

1. e4 c5 2. Nf3 e6 3. c3 Nf6 4. Bd3 Nc6 5. O-O d5 6. e5 Nd7 7. Bb5 Ndb8 8. d4 a6 9. Bd3 Be7 10. a3 b5 11. Be3 Nd7 12. Nbd2 Bb7 13. Ne1 g6 14. f4 cxd4 15. cxd4 Nb6 16. b3 Rc8 17. Nef3 Na5 18. Qe2 Rc3 19. Rfb1 Qc7 20. Bf2 O-O 21. b4 Nac4 22. Nb3 Na4 23. Be1 Rc8 24. g4 Ncb6 25. Nc5 Rc4 26. f5 Nxc5 27. bxc5 Na4 28. Rc1 Nxc5 29. Bxc4 dxc4 30. dxc5 Qxc5+ 31. Bf2 Qc6 32. Rc3 b4 33. axb4 Bxb4 34. Re3 Bc5 35. Rc3 Bd4 36. Bxd4 Rd8 37. Rd1 a5 38. f6 a4 39. Qe3 Kh8 40. Qh6 Rg8 41. Qxh7+ Kxh7 42. Ng5+ Kh6 43. Nxf7+ Kh7 44. Rh3# 1-0


[Site "https://www.chess.com"]

[Event "Titled Tuesday Blitz August 02 Early 2022"]
[White "McCoy, Owen"]
[Black "Vakhlamov, Igor L."]
[WhiteFideId "30924502"]
[BlackFideId "24126748"]
[WhiteElo "2580"]
[BlackElo "2401"]
[Result "0-1"]
[Round "02"]
[TimeControl "180+1"]
[Date "2022.08.02"]
[WhiteClock "0:00:05"]
[BlackClock "0:00:11"]

1. b3 e5 2. Bb2 Nc6 3. e3 Nf6 4. Bb5 Bd6 5. Ne2 e4 6. Ng3 O-O 7. Nc3 Re8 8. O-O Be5 9. f4 exf3 10. Qxf3 d5 11. Na4 Bg4 12. Qf2 Qd6 13. Bxe5 Rxe5 14. Qf4 Ne7 15. Bd3 Ng6 16. Bxg6 hxg6 17. Nc3 Rae8 18. a4 a6 19. b4 b6 20. a5 g5 21. Qd4 c5 22. bxc5 bxc5 23. Qa4 Bd7 24. Qa3 d4 25. exd4 Qxd4+ 26. Kh1 Ng4 27. h3 Bc6 28. Qb3 R8e7 29. Qb8+ Kh7 30. hxg4 Qxg4 31. Nce2 Rxe2 32. Kg1 Rxg2+ 33. Kh1 Qh3# 0-1


[Site "https://www.chess.com"]

[Event "Titled Tuesday Blitz August 02 Early 2022"]
[White "Melikyan, Gnel"]
[Black "Mardov, Dimitar"]
[WhiteFideId "54109990"]
[BlackFideId "30919495"]
[WhiteElo "1772"]
[BlackElo "2185"]
[Result "1-0"]
[Round "02"]
[TimeControl "180+1"]
[Date "2022.08.02"]
[WhiteClock "0:00:12"]
[BlackClock "0:00:05"]

1. e4 e5 2. Nf3 Nc6 3. d4 exd4 4. Nxd4 Bb4+ 5. c3 Bc5 6. Be3 Bb6 7. Nf5 Bxe3 8. Nxe3 Nge7 9. Bc4 O-O 10. O-O d6 11. Nd2 Kh8 12. Re1 f5 13. exf5 Nxf5 14. Nxf5 Bxf5 15. Bd5 Qd7 16. Nc4 h6 17. Qd2 Rae8 18. Rxe8 Qxe8 19. Re1 Qg6 20. Qf4 Qf6 21. h3 Nd8 22. g4 Be6 23. Qxf6 Rxf6 24. Ne3 c6 25. Bxe6 Rxe6 26. Rd1 Nf7 27. c4 g6 28. Kg2 Kg7 29. b3 a5 30. Rd2 Ng5 31. Nc2 Ne4 32. Re2 Kf6 33. Nd4 Re7 34. a3 a4 35. b4 Nc3 36. Rd2 Ne4 37. Rd3 Ng5 38. f4 Ne6 39. Nxe6 Rxe6 40. Kf3 h5 41. Re3 Rxe3+ 42. Kxe3 hxg4 43. hxg4 Ke6 44. Kd4 b6 45. b5 cxb5 46. cxb5 d5 47. f5+ gxf5 48. gxf5+ Kxf5 49. Kxd5 1-0


[Site "https://www.chess.com"]